 Dungeon Crawl Stone Soup version 0.24.0-13-gcf9b319 (webtiles) character file.

Game seed: 14540383565044814040, levelgen mode: deterministic

74 Bronimir the Firebug (level 4, -4/33 HPs)
             Began as a Hill Orc Fire Elementalist on Mar 28, 2020.
             Slain by Natasha (6 damage)
             ... on level 2 of the Dungeon.
             The game lasted 00:03:42 (1965 turns).

Bronimir the Firebug (Hill Orc Fire Elementalist)   Turns: 1965, Time: 00:03:42

Health: -4/33      AC:  3    Str: 11    XL:     4   Next: 30%
Magic:  1/7        EV: 11    Int: 15    God:
Gold:   67         SH:  0    Dex: 11    Spells: 4/7 levels left

rFire    . . .     SeeInvis .   b - +0 hunting sling
rCold    . . .     Gourm    .   (no shield)
rNeg     . . .     Faith    .   m - +0 leather armour
rPois    .         Spirit   .   (no helmet)
rElec    .         Reflect  .   (no cloak)
rCorr    .         Harm     .   (no gloves)
MR       .....                  (no boots)
Stlth    +.........             (no amulet)
HPRegen  0.11/turn              (no ring)
MPRegen  0.10/turn              (no ring)

@: very slightly contaminated
A: no striking features
a: no special abilities


You were on level 2 of the Dungeon.
You were not hungry.

You visited 1 branch of the dungeon, and saw 3 of its levels.

You collected 67 gold pieces.

Inventory:

Hand Weapons
 a - a +0 spear
 b - a +0 hunting sling (weapon)
Missiles
 e - 29 arrows
 j - 29 stones (quivered)
 k - 44 bolts
Armour
 d - a +0 robe
 m - a +0 leather armour (worn)
Scrolls
 h - 3 scrolls of teleportation {unknown}
 i - a scroll of noise {unknown}
 o - a scroll of remove curse {unknown}
 p - a scroll of magic mapping {unknown}
Potions
 f - a potion of brilliance
 l - a potion of lignification {unknown}
 n - a potion of might {unknown}
Comestibles
 c - 5 rations
 g - 3 chunks of flesh


   Skills:
 + Level 0.2 Slings
 * Level 1.1 Armour
 + Level 1.6 Dodging
 - Level 1.5 Stealth
 * Level 2.0 Spellcasting
 * Level 2.0 Conjurations
 * Level 4.3 Fire Magic


You had 4 spell levels left.
You knew the following spells:

 Your Spells              Type           Power        Failure   Level  Hunger
a - Flame Tongue          Conj/Fire      ##...        8%          1    #......
b - Throw Flame           Conj/Fire      ##....       12%         2    ###....

Your spell library contained the following spells:

 Spells                   Type           Power        Failure   Level  Hunger
 Conjure Flame            Conj/Fire      ##......     24%         3    ###....
 Inner Flame              Hex/Fire       #.......     36%         3    ###....
 Sticky Flame             Conj/Fire      ##......     61%         4    #####..
 Fireball                 Conj/Fire      ##........   91%         5    ######.


Dungeon Overview and Level Annotations

Branches:
Dungeon (3/15)

Altars:

Annotations:
D:2 Natasha


Message History

The flame tongue misses Natasha.
Natasha barely misses you. The shadow imp barely misses you.
Casting: Flame Tongue (safe; 8% risk of failure)
Confirm with . or Enter, or press ? or * to list all spells.
Aiming: Flame Tongue (safe; 8% risk of failure)
Press: ? - help, Shift-Dir - straight line, f/p - Natasha
Aim: Natasha (almost dead)
The flame tongue misses Natasha.
Natasha claws you.
* * * LOW HITPOINT WARNING * * *
The shadow imp hits you.
* * * LOW HITPOINT WARNING * * *
Casting: Flame Tongue (safe; 8% risk of failure)
Confirm with . or Enter, or press ? or * to list all spells.
Aiming: Flame Tongue (safe; 8% risk of failure)
Press: ? - help, Shift-Dir - straight line, f/p - Natasha
Aim: Natasha (almost dead)
You miscast Flame Tongue.
You are very lightly contaminated with residual magic.
Wisps of smoke drift from your hands. Natasha claws you.
You die...

###################
#>.......(.........
##.###.####h........ ..
+..).......5@.........
####.#.####.#.(......
#.<#...#....#(#####.#
...#...........#.# ##.# ..#
........##.....#.####..# ..
...####.##.....#.##....# #.#
.. #.##.....#....#..#+#.#
#.##.................#
########.###...#[...........#


You could see Natasha and a shadow imp.

Vanquished Creatures
  Robin (D:2)
  2 adders (D:2)
  An ooze (D:2)
  A worm (D:2)
  2 bats
  A giant cockroach (D:2)
  5 hobgoblins
  2 ball pythons (D:2)
  5 frilled lizards
  14 goblins
  4 kobolds
  3 rats
41 creatures vanquished.

Notes
Turn   | Place    | Note
-------+----------+-------------------------------------------
     0 | D:1      | Bronimir the Hill Orc Fire Elementalist began the quest for
                  | the Orb.
     0 | D:1      | Reached XP level 1. HP: 14/14 MP: 3/3
   635 | D:1      | Reached XP level 2. HP: 20/20 MP: 4/4
  1249 | D:2      | Reached XP level 3. HP: 19/26 MP: 0/5
  1340 | D:2      | Reached skill level 4 in Fire Magic
  1341 | D:2      | Identified the +0 helmet "Eceaciy" {+Fly Dex+4}
  1341 | D:2      | Noticed Robin
  1501 | D:2      | Learned a level 2 spell: Throw Flame
  1504 | D:2      | Killed Robin
  1508 | D:2      | Reached skill level 1 in Armour
  1729 | D:2      | Reached XP level 4. HP: 32/33 MP: 4/7
  1956 | D:2      | Noticed Natasha
  1965 | D:2      | Slain by Natasha

Levels and vault maps discovered:
D:1:      sevenhm_arrival_forest_fort_large_1, layout_loops_corners
D:2:      layout_basic, first_ration, uniq_natasha, uniq_robin, uniq_jessica
D:3:      layout_basic, serial_forest, infiniplex_forest_straight_2,
          infiniplex_forest_lined_2, infiniplex_forest_clump_small,
          infiniplex_forest_end_2, infiniplex_forest_lined_corner,
          infiniplex_forest_clump_long, infiniplex_forest_zigzag_1

Skill      XL: |  1  2  3  4 |
---------------+-------------+-----
Fire Magic     | 4 |  4.3
Armour         | 1 |  1.1
Spellcasting   | 2 |  2.0
Conjurations   | 2 |  2.0
Slings         | |  0.2
Dodging        | |  1.6
Stealth        | |  1.5

Action                   |  1- 3 |  4- 6 || total
-------------------------+-------+-------++-------
Melee: Spear             |    31 |     9 ||    40
       Unarmed           |     1 |       ||     1
 Fire: Hunting sling     |       |    23 ||    23
 Cast: Flame Tongue      |    33 |    15 ||    48
  Use: Potion            |     3 |       ||     3
  Eat: Chunk             |     3 |     1 ||     4
Armor: Leather armour    |    10 |     3 ||    13
Dodge: Dodged            |    27 |     8 ||    35
